 Dungeon Crawl Stone Soup version v1.0-3-g0d6430d (webtiles) character file.

382 Faust the Thaumaturge (level 6, 0/24 HPs)
             Began as a Profound Elf Wizard on Oct 6, 2018.
             Was an Initiate of Sif Muna.
             Succumbed to an orc's poison
             ... on level 4 of the Dungeon.
             The game lasted 00:52:45 (4788 turns).

Faust the Thaumaturge (Profound Elf Wizard)         Turns: 4788, Time: 00:52:45

Health: 0/24       AC:  3    Str:  3    XL:     6   Next: 22%
Magic:  0/23       EV: 14    Int: 29    God:    Sif Muna [......]
Gold:   243        SH:  0    Dex: 15    Spells: 14/25 levels left

rFire    . . .     SeeInvis .   e - +0 short sword (elec)
rCold    . . .     Gourm    .   (no shield)
rNeg     . . .     Faith    .   a - +0 robe
rPois    .         Spirit   +   b - +1 hat
rElec    .         Reflect  .   g - scarf {Spirit}
rCorr    .         Harm     .   (no gloves)
MR       .....                  (no boots)
Stlth    +++.......             (no amulet)
HPRegen  0.08/turn              (no ring)
MPRegen  0.18/turn              (no ring)

@: lethally poisoned (0 -> -14)
A: no striking features
a: Renounce Religion


You were on level 4 of the Dungeon.
You worshipped Sif Muna.
Sif Muna was noncommittal.
You were not hungry.

You visited 2 branches of the dungeon, and saw 5 of its levels.

You collected 243 gold pieces.

Inventory:

Hand Weapons
 e - a +0 short sword of electrocution (weapon)
Missiles
 f - 2 throwing nets (quivered)
Armour
 a - a +0 robe (worn)
 b - a +1 hat (worn)
 g - a scarf of spirit shield (worn)
Scrolls
 h - a scroll of identify
 i - 2 scrolls of remove curse
 l - 2 scrolls of magic mapping
Potions
 k - a potion of flight
Comestibles
 d - 5 rations


   Skills:
 + Level 3.4 Dodging
 + Level 4.0 Stealth
 + Level 10.1 Spellcasting
 + Level 2.0 Conjurations
 + Level 3.9 Summonings
 + Level 1.2 Translocations
 + Level 0.6 Fire Magic
 + Level 0.7 Air Magic
 + Level 1.8 Poison Magic


You had 14 spell levels left.
You knew the following spells:

 Your Spells              Type           Power        Failure   Level  Hunger
a - Magic Dart            Conj           ####         1%          1    None
b - Blink                 Tloc           N/A          3%          2    None
c - Call Imp              Summ           #####...     1%          2    None
d - Conjure Flame         Conj/Fire      ###.....     6%          3    None
e - Mephitic Cloud        Conj/Pois/Air  ###.....     6%          3    None


Dungeon Overview and Level Annotations

Branches:
Dungeon (4/15)             Temple (1/1) D:4

Altars:
Fedhas
Ru
Sif Muna
Vehumet

Shops:
D:4 ?


Message History

You don't have enough magic to cast that spell.
As you read the scroll of teleportation, it crumbles to dust.
You feel strangely unstable.
The centaur shoots an arrow.
The arrow hits you!
* * * LOW HITPOINT WARNING * * *
The centaur shoots an arrow.
The arrow closely misses you.
You feel better.
The centaur shoots an arrow.
The arrow closely misses you.
The orc hits you from afar with a trident of venom!
* * * LOW HITPOINT WARNING * * *
You are lethally poisoned!
Something completely misses your crimson imp.
Your crimson imp blinks!
Your surroundings suddenly seem different.
* * * LOW HITPOINT WARNING * * *
You feel sick.
* * * LOW HITPOINT WARNING * * *
You feel sick.
* * * LOW HITPOINT WARNING * * *
You feel sick.
Okay, then.
You die...

#...#####.....#'###..#..........
#...##..#.....#..##..#..........
#.......#.....#..##'##..........
#.......#.....#..#..............
#.......'.....#..#....####......
#.......#.....#..#....'..#######
#.......#.....#..#....#........
#.......#.....####....#'###....
#.......#......@..........# ..
#.......#.................######
#.......#.......................
##..#####.......................
..............###'###......
#.........<....'.....#......
#..............#.....'......
#..............##..###......
######+#####....##'# ##'#...


There were no monsters in sight!

Vanquished Creatures
  An ogre (D:4)
  A hound (D:4)
  A worker ant (D:4)
  3 gnolls (D:3)
  An adder (D:2)
  2 leopard geckos
  4 orcs (D:3)
  3 ball pythons
  5 giant cockroaches
  5 goblins
  3 hobgoblins
  A quokka (D:2)
  4 bats
  4 frilled lizards
  5 kobolds
  A rat (D:1)
44 creatures vanquished.

Vanquished Creatures (collateral kills)
  An ogre (D:4)
  The ghost of taqueso the Cudgeler, an amateur LeMo (D:3)
  A jelly (D:3)
  3 worker ants
  A hound skeleton (D:4)
  3 adders
  An ooze (D:4)
  4 worms
  4 dart slugs
  3 orcs
  2 ball pythons
  2 giant cockroaches
  5 goblins
  3 hobgoblins
  2 jackals (D:3)
  2 bats
  2 frilled lizards (D:1)
  6 kobolds
  A rat (D:1)
47 creatures vanquished.

Grand Total: 91 creatures vanquished

Notes
Turn   | Place    | Note
-------+----------+-------------------------------------------
     0 | D:1      | Faust the Profound Elf Wizard began the quest for the Orb.
     0 | D:1      | Reached XP level 1. HP: 7/7 MP: 11/11
     9 | D:1      | Reached skill level 6 in Spellcasting
   184 | D:1      | Reached XP level 2. HP: 11/11 MP: 6/13
   188 | D:1      | Learned a level 2 spell: Blink
   191 | D:1      | Learned a level 2 spell: Call Imp
   252 | D:1      | Reached skill level 7 in Spellcasting
  1442 | D:2      | Reached XP level 3. HP: 14/14 MP: 10/15
  1449 | D:2      | Learned a level 3 spell: Conjure Flame
  1453 | D:2      | Learned a level 3 spell: Mephitic Cloud
  2952 | D:3      | Noticed taqueso's ghost (amateur LeMo)
  3035 | D:3      | Reached XP level 4. HP: 18/18 MP: 5/17
  3239 | D:3      | Reached skill level 8 in Spellcasting
  3558 | D:3      | Killed taqueso's ghost
  3558 | D:3      | Reached skill level 9 in Spellcasting
  3710 | D:3      | Reached XP level 5. HP: 13/21 MP: 6/20
  4095 | D:4      | Found a staircase to the Ecumenical Temple.
  4095 | D:4      | Noticed an ogre
  4111 | D:4      | Killed an ogre
  4124 | Temple   | Entered the Ecumenical Temple
  4286 | Temple   | Became a worshipper of Sif Muna the Loreminder
  4413 | D:4      | Found Qonaun's Magic Scroll Boutique.
  4566 | D:4      | Noticed an ogre
  4572 | D:4      | Killed an ogre
  4572 | D:4      | Reached skill level 1 in Poison Magic
  4572 | D:4      | Reached XP level 6. HP: 24/24 MP: 16/22
  4748 | D:4      | Reached skill level 10 in Spellcasting
  4782 | D:4      | Found a blossoming altar of Fedhas.
  4788 | D:4      | Succumbed to an orc's poison

Skill      XL: |  1  2  3  4  5  6 |
---------------+-------------------+-----
Spellcasting   | 6 7 9 10 | 10.1
Summonings     | 2 3 |  3.9
Stealth        | 4 |  4.0
Conjurations   | 2 |  2.0
Poison Magic   | 1 |  1.8
Dodging        | |  3.4
Translocations | |  1.2
Fire Magic     | |  0.6
Air Magic      | |  0.7

Action                   |  1- 3 |  4- 6 || total
-------------------------+-------+-------++-------
Melee: Unarmed           |     4 |       ||     4
       Short sword       |     4 |     2 ||     6
 Cast: Magic Dart        |    57 |    32 ||    89
       Call Imp          |    47 |    28 ||    75
       Blink             |     1 |       ||     1
       Mephitic Cloud    |     6 |     4 ||    10
       Conjure Flame     |     4 |     3 ||     7
  Use: Scroll            |     5 |     4 ||     9
       Potion            |     2 |     4 ||     6
  Eat: Ration            |     2 |     2 ||     4
Armor: Robe              |     8 |     1 ||     9
Dodge: Dodged            |    38 |    14 ||    52
